AoeStats
← cupiim

Arabia

507713897Analyzed
1v1 RM · 13d ago on Sep 19, 2026· 44m 23s· 2 players
Game mode
Random Map
Map size
Tiny (2 player)
Population
200
Speed
Normal
Resources
Standard
Victory
Conquest
Starting age
Dark Age
Ending age
Imperial Age
RankedLock teamsTeams togetherTeam positionsShared explorationLock speedFull tech treeHidden civsTurbo modeCheats
Victory
Defeat
🇨🇴 Bengalis · Colombia
570
+14
🇧🇷 Malians · Brazil
521
-14
cupiim
12:06 Feudal Age
10:22 Loom
16:05 Double-Bit Axe
17:04 Wheelbarrow
21:31 Castle Age
19:11 Man-at-Arms
20:40 Horse Collar
21:43 Scale Mail Armor
24:41 Forging
25:19 Pikeman
25:45 Long Swordsman
26:26 Squires
28:03 Scale Barding Armor
28:09 Elite Skirmisher
28:12 Crossbowman
29:23 Husbandry
29:40 Bloodlines
30:05 Elite Skirmisher
32:04 Ballistics
32:14 Bow Saw
34:18 Iron Casting
34:39 Light Cavalry
37:35 Gold Mining
CRICHONESTO
8:54 Loom
11:09 Feudal Age
11:44 Double-Bit Axe
16:20 Horse Collar
24:19 Castle Age
22:34 Fletching
23:37 Gold Mining
24:59 Bodkin Arrow
25:37 Crossbowman
27:28 Padded Archer Armor
28:48 Bow Saw
28:41 Heavy Plow
29:19 Scale Barding Armor
30:42 Stone Mining
31:33 Wheelbarrow
32:05 Ballistics
36:25 Gold Shaft Mining
35:21 Light Cavalry
37:44 Hand Cart
37:14 Town Watch
38:11 Bloodlines
41:25 Forging
43:33 Iron Casting
44:20 Town Patrol
Connection lost

Rejoining the realm…

Still unreachable

The connection could not be restored.

Session expired

The server has moved on; the page needs a fresh start.